 Dungeon Crawl Stone Soup version 0.28-a0-1130-gc51a68064b (webtiles) character file.

Game seed: 4307861034601712347

1430 derath95 the Geomancer (level 8, -2/43 HPs)
             Began as a Gargoyle Earth Elementalist on Dec 12, 2021.
             Slain by Maggie (6 damage)
             ... on level 6 of the Dungeon.
             The game lasted 00:28:29 (5908 turns).

derath95 the Geomancer (GrEE)                       Turns: 5908, Time: 00:28:31

Health: -2/43      AC:  9    Str: 11    XL:     8   Next: 73%
Magic:  0/18       EV: 11    Int: 25    God:
Gold:   271        SH:  0    Dex: 10    Spells: 15/21 levels left

rFire   . . .      SeeInvis .   x - +1 flail
rCold   . . .      Faith    .   (no shield)
rNeg    + . .      Spirit   +   b - +0 robe
rPois   ∞          Reflect  .   (no helmet)
rElec   +          Harm     .   y - +1 cloak
rCorr   .          Rampage  .   (no gloves)
Will    .....                   (no boots)
Stlth   ++........              j - amulet of guardian spirit
HPRegen 0.14/turn               v - +6 ring of intelligence
MPRegen 0.16/turn               s - +4 ring of slaying

@: mesmerised
A: sickness immunity, AC +5, negative energy resistance 1, electricity
resistance, torment resistance 1, petrification resistance
a: no special abilities


You were on level 6 of the Dungeon.
You visited 1 branch of the dungeon, and saw 6 of its levels.
You also visited: Sewer.

You collected 271 gold pieces.

Inventory:

Hand Weapons
 m - a +1 short sword of venom
 x - a +1 flail (weapon)
Armour
 b - a +0 robe (worn)
 y - a +1 cloak (worn)
Jewellery
 j - an amulet of guardian spirit (around neck)
 s - a +4 ring of slaying (right hand)
 v - a +6 ring of intelligence (left hand)
Wands
 o - a wand of flame (17)
Scrolls
 e - a scroll of summoning {unknown}
 f - a scroll of enchant armour {unknown}
 g - 2 scrolls of magic mapping
 h - a scroll of teleportation
 i - a scroll of fog {unknown}
 k - a scroll of blinking {unknown}
 l - a scroll of identify
 q - a scroll of vulnerability {unknown}
Potions
 a - 4 potions of curing
 c - 2 potions of flight
 d - a potion of brilliance
 n - a potion of cancellation
 p - a potion of might
 r - a potion of resistance


   Skills:
 + Level 1.0 Fighting
 + Level 1.5 Short Blades
 + Level 0.8 Maces & Flails
 - Level 1.5 Dodging
 - Level 2.1 Stealth
 + Level 7.0 Spellcasting
 - Level 0.7 Transmutations
 + Level 9.1 Earth Magic


You had 15 spell levels left.
You knew the following spells:

 Your Spells              Type           Power      Damage    Failure   Level
a - Sandblast             Erth           100%       2d20      1%          1
b - Passwall              Tmut/Erth      27%        N/A       1%          2
c - Stone Arrow           Conj/Erth      62%        3d10      3%          3

Your spell library contained the following spells:

 Spells                   Type           Power      Damage    Failure   Level
 Sting                    Tmut/Pois      40%        1d5       6%          1
 Petrify                  Tmut/Erth      33%        N/A       9%          4
 Poisonous Vapours        Pois/Air       16%        N/A       10%         2
 Olgreb's Toxic Radiance  Pois           8%         N/A       54%         4


Dungeon Overview and Level Annotations

Branches:
Dungeon (6/15)             Temple (0/1) D:5           Sewer (visited)

Altars:

Shops:
D:4 [   D:5 [

Annotations:
D:6 Edmund, Maggie


Innate Abilities, Weirdness & Mutations

You are immune to sickness and miasma.
Your stone body is resilient. (AC +5)
You are immune to poison.
You resist negative energy. (rN+)
You are resistant to electric shocks. (rElec)
You are resistant to unholy torment.
You are immune to petrification.


Message History

You thump Edmund!
Edmund is moderately wounded.
Edmund says, "You wouldn't believe how much I paid for this flail."
Edmund hits you with a +3 flail of holy wrath.
Maggie barely misses you.
You hit Edmund.
Edmund is moderately wounded.
Edmund hits you but does no damage.
Maggie hits you from afar with a +0 glaive!
Edmund says, "A flail is better than a scythe, any day of the week!"
Edmund closely misses you. Maggie barely misses you.
You hit Edmund.
Edmund is heavily wounded.
Edmund misses you.
Maggie hits you from afar with a +0 glaive.
You sock Edmund!
Edmund is severely wounded.
Edmund hits you with a +3 flail of holy wrath.
Maggie misses you.
You sock Edmund!
Edmund is severely wounded.
Edmund closely misses you. Maggie barely misses you.
Edmund hits you with a +3 flail of holy wrath.
Maggie hits you but does no damage.
You hit Edmund.
Edmund is almost dead.
Edmund hits you with a +3 flail of holy wrath!
* * * LOW HITPOINT WARNING * * *
Maggie mumbles some strange words.
Maggie draws you further into her thrall.
You completely miss Edmund.
Edmund is almost dead.
Edmund hits you but does no damage. Maggie barely misses you.
You barely miss Edmund.
Edmund is almost dead.
Edmund barely misses you. Maggie closely misses you.
Edmund hits you with a +3 flail of holy wrath!
* * * LOW HITPOINT WARNING * * *
Maggie hits you from afar with a +0 glaive!
You die...

### ### ##.# ##.##
#.## ##...# #.#
###.##.# .##
##..###.#
..####.### #.##
...#..## #..##
......#
##..##########
.....##
#...@@@.....###
......#
########......#####
####...#
###......... #
##.... ##....#### #
#.... #...### #
#...# #..@.# # ...#
....... .$......#
...####...#


You could see Maggie (mesmerising) and Edmund.

Vanquished Creatures
  Grinder (D:3)
  Eustachio (D:5)
  A black bear (D:6)
  An ogre (D:4)
  A centaur (D:6)
  Blork the orc (D:4)
  2 scorpions (D:5)
  2 water moccasin zombies
  A centaur zombie (D:5)
  2 hounds
  Crazy Yiuf (D:4)
  A jelly (D:4)
  A bullfrog skeleton (D:5)
  3 iguanas
  Terence (D:3)
  2 orc wizards (D:4)
  A hound zombie (D:5)
  A gnoll (D:1)
  8 adders
  An adder skeleton (D:4)
  3 worms (Sewer)
  A dart slug (D:1)
  7 orcs
  6 ball pythons
  16 endoplasms
  6 giant cockroaches
  4 goblins
  4 hobgoblins
  9 jackals
  5 quokkas
  12 bats
  7 frilled lizards
  8 kobolds
  4 rats
  A bush (D:4)
126 creatures vanquished.

Vanquished Creatures (others)
  2 plants (D:2)
2 creatures vanquished.

Grand Total: 128 creatures vanquished

Notes
Turn   | Place    | Note
-------+----------+-------------------------------------------
     0 | D:1      | derath95 the Gargoyle Earth Elementalist began the quest
                  | for the Orb.
     0 | D:1      | Reached XP level 1. HP: 10/10 MP: 3/3
   122 | D:1      | Reached skill level 4 in Earth Magic
   217 | D:1      | Reached XP level 2. HP: 8/15 MP: 0/5
   948 | D:1      | Reached XP level 3. HP: 14/19 MP: 0/6
  1399 | D:2      | Found a faded altar of an unknown god.
  1446 | D:2      | Reached skill level 5 in Earth Magic
  1718 | D:3      | Noticed Terence
  1925 | D:3      | Killed Terence
  1926 | D:3      | Reached XP level 4. HP: 13/24 MP: 0/8
  2167 | D:3      | Noticed Grinder
  2181 | D:3      | Killed Grinder
  2182 | D:3      | Reached skill level 6 in Earth Magic
  2182 | D:3      | Reached XP level 5. HP: 11/28 MP: 0/11
  2182 | D:3      | Reached XP level 6. HP: 13/32 MP: 0/12
  2697 | D:3      | Learned a level 2 spell: Passwall
  2701 | D:3      | Learned a level 3 spell: Stone Arrow
  2732 | D:4      | Noticed Blork the orc
  2745 | D:4      | Killed Blork the orc
  3193 | D:4      | Reached skill level 1 in Short Blades
  3244 | D:4      | Found Baothiese's Armour Shoppe.
  3262 | D:4      | Reached skill level 5 in Spellcasting
  3262 | D:4      | Reached XP level 7. HP: 37/37 MP: 11/14
  3645 | D:4      | Found a runed translucent door.
  3646 | D:4      | Noticed Crazy Yiuf
  3652 | D:4      | Killed Crazy Yiuf
  3679 | D:5      | Entered Level 5 of the Dungeon
  3706 | D:5      | Reached skill level 7 in Earth Magic
  4080 | D:5      | Found Cijycuhi's Antique Armour Shoppe.
  4278 | D:5      | Noticed Eustachio
  4376 | D:5      | Killed Eustachio
  4377 | D:5      | Reached skill level 8 in Earth Magic
  4377 | D:5      | Reached XP level 8. HP: 40/42 MP: 8/17
  4966 | D:6      | Reached skill level 9 in Earth Magic
  5013 | D:6      | Found a glowing drain.
  5043 | Sewer    | Entered a sewer
  5217 | Sewer    | Reached skill level 1 in Fighting
  5882 | D:6      | Noticed Maggie
  5882 | D:6      | Noticed Edmund
  5908 | D:6      | Slain by Maggie

Illustrated notes

Levels and vault maps discovered:
D:1:      scummos_arrival_hexagon, layout_basic
D:2:      layout_basic, dreamdust_ecumenical_altar_grove,
          corexii_item_surrounded_by_moat
D:3:      layout_rooms, uniq_terence, uniq_grinder
D:4:      layout_basic, serial_shops, nicolae_shop_trees,
          uniq_crazy_yiuf_cottage, uniq_blork_the_orc
D:5:      layout_gridville, minmay_temple_entry_from_below_a, serial_shops,
          shop, uniq_eustachio
D:6:      layout_layer_cave, gup_sewer_entry_glass, uniq_maggie, uniq_menkaure,
          uniq_edmund

Skill      XL: |  1  2  3  4  5  6  7  8 |
---------------+-------------------------+-----
Earth Magic    | 4 5 6 8 9 |  9.1
Spellcasting   | 3 4 5 6 7 |  7.0
Short Blades   | 1 |  1.5
Fighting       | 1 |  1.0
Maces & Flails | |  0.8
Dodging        | |  1.5
Stealth        | |  2.1
Transmutations | |  0.7

Action                   |  1- 3 |  4- 6 |  7- 9 || total
-------------------------+-------+-------+-------++-------
Melee: Unarmed           |    18 |       |       ||    18
       Short sword       |       |    43 |    52 ||    95
       Flail             |       |       |    74 ||    74
 Cast: Sandblast         |    55 |    33 |    75 ||   163
  Use: Potion            |       |       |    11 ||    11
       Scroll            |       |       |     6 ||     6
 Stab: Sleeping          |       |     3 |     2 ||     5
Armor: Robe              |    10 |    21 |    59 ||    90
Dodge: Dodged            |    21 |    25 |    78 ||   124

Table legend: (Time is in decaauts)
 A = Elapsed time spent in this place.
 B = Non-inter-level travel time spent in this place.
 C = Inter-level travel time spent in this place.
 D = Time resting spent in this place.
 E = Time spent auto-exploring this place.
 F = Levels seen in this place.
 G = Mean time per level.
                   A        B        C        D        E       F      G
               +--------+--------+--------+--------+--------+-----+--------+
         Total |   6060 |   6022 |     38 |    388 |   3419 |   7 |  865.7 |
       Dungeon |   5138 |   5100 |     38 |    193 |   3393 |   6 |  856.3 |
         Sewer |    921 |    921 |      0 |    195 |     26 |   1 |  921.0 |
               +--------+--------+--------+--------+--------+-----+--------+

Top non-repeatable levels by time:
     D:1: 1053 daAuts
     D:5: 1014 daAuts
     D:4: 979 daAuts
   Sewer: 921 daAuts
     D:2: 831 daAuts
     D:3: 818 daAuts
     D:6: 442 daAuts
